 Dungeon Crawl Stone Soup version 0.28-b1-70-g80dc712255 (webtiles) character file.

Game seed: 17650827865193714905

219 crazypyro the Chopper (level 5, -1/41 HPs)
             Began as a Demonspawn Fighter on Feb 3, 2022.
             Was a Priest of Lugonu.
             Killed by nerve-wracking pain
             ... invoked by Grinder
              (6 damage)
             ... on level 4 of the Dungeon.
             The game lasted 00:04:32 (3953 turns).

crazypyro the Chopper (Demonspawn Fighter)          Turns: 3953, Time: 00:04:33

Health: -1/41      AC:  9    Str: 18    XL:     5   Next: 63%
Magic:  6/6        EV:  9    Int: 10    God:    Lugonu [***...]
Gold:   203        SH:  4    Dex: 12    Spells: 4/4 levels left

rFire   . . .      SeeInvis .   a - +0 war axe
rCold   . . .      Faith    .   c - +0 buckler
rNeg    . . .      Spirit   .   b - +0 scale mail
rPois   .          Reflect  .   (no helmet)
rElec   .          Harm     .   (no cloak)
rCorr   .          Rampage  .   (no gloves)
Will    .....                   (no boots)
Stlth   ..........              (no amulet)
HPRegen 0.13/turn               (no ring)
MPRegen 0.10/turn               (no ring)

@: mighty
A: icy blue scales 2
a: Renounce Religion, Depart the Abyss, Bend Space, Banish


You were on level 4 of the Dungeon.
You worshipped Lugonu.
Lugonu was most pleased with you.
You visited 1 branch of the dungeon, and saw 4 of its levels.

You collected 203 gold pieces.

Inventory:

Hand Weapons
 a - a +0 war axe (weapon)
Armour
 b - a +0 scale mail (worn)
 c - a +0 buckler (worn)
Scrolls
 e - 2 scrolls of enchant armour {unknown}
 f - 2 scrolls of fog {unknown}
 h - 2 scrolls of immolation {unknown}
 i - a scroll of amnesia {unknown}
 m - 2 scrolls of fear {unknown}
 n - 4 scrolls of identify {unknown}
Potions
 g - 3 potions of mutation {unknown}
 k - a potion of brilliance {unknown}
 l - a potion of attraction {unknown}
 o - a potion of curing {unknown}
 p - 2 potions of cancellation {unknown}
 q - 2 potions of flight {unknown}


   Skills:
 - Level 3.3 Fighting
 * Level 4.4 Axes
 - Level 3.0 Armour
 - Level 3.0 Shields
 + Level 2.6 Invocations


You had 4 spell levels left.
You didn't know any spells.
Your spell library was empty.

Dungeon Overview and Level Annotations

Branches:
Dungeon (4/15)
 Temple: D:4-7

Altars:
Lugonu

Annotations:
D:4 Grinder


Innate Abilities, Weirdness & Mutations

You are mostly covered in icy blue scales. (AC +3)


Message History

You block Grinder's attack.
You closely miss Grinder.
Grinder is heavily wounded.
Grinder gestures at you. Pain shoots through your body!
* * * LOW HITPOINT WARNING * * *
You closely miss Grinder.
Grinder is heavily wounded.
Grinder blinks!
You are too injured to fight recklessly!
You barely miss Grinder.
Grinder is heavily wounded.
Grinder hits you!
* * * LOW HITPOINT WARNING * * *
You writhe in agony.
* * * LOW HITPOINT WARNING * * *
You feel much better. Grinder barely misses you.
You closely miss Grinder.
Grinder is heavily wounded.
Grinder barely misses you.
You closely miss Grinder.
Grinder is heavily wounded.
Grinder gestures at you.
You suddenly lose the ability to move!
Grinder says, "Just stop there for a second..."
Grinder hits you!
You writhe in agony.
* * * LOW HITPOINT WARNING * * *
Grinder gestures at you.
You shrug off the repeated paralysis!
Grinder blinks!
You can move again.
Grinder hits you.
* * * LOW HITPOINT WARNING * * *
You writhe in agony.
* * * LOW HITPOINT WARNING * * *
You completely miss Grinder.
Grinder is heavily wounded.
Grinder gestures at you. Pain shoots through your body!
You die...

#####................
#.......###......
#.......'........
####.......###......
..........###......
##.................
#######...........).....
#.......5...............
#......@................
#$............$.........
#.......................
#......(.....#########..
#............# ..
#........!...# .
#............#
#............#
######....####


You could see Grinder.

Vanquished Creatures
  Natasha (thrice) (D:4)
  Terence (D:2)
  An orc wizard (D:4)
  2 adders (D:3)
  4 orcs (D:4)
  4 ball pythons
  9 endoplasms
  2 giant cockroaches
  9 goblins
  5 hobgoblins
  3 jackals (D:3)
  5 kobolds
  3 quokkas (D:1)
  5 bats
  2 frilled lizards
  10 rats
68 creatures vanquished.

Vanquished Creatures (others)
  2 plants (D:2)
2 creatures vanquished.

Grand Total: 70 creatures vanquished

Notes
Turn   | Place    | Note
-------+----------+-------------------------------------------
     0 | D:1      | crazypyro the Demonspawn Fighter began the quest for the
                  | Orb.
     0 | D:1      | Reached XP level 1. HP: 18/18 MP: 1/1
    73 | D:1      | Found a faded altar of an unknown god.
   353 | D:1      | Prayed at the altar of an unknown god.
   353 | D:1      | Became a worshipper of Lugonu the Unformed
   353 | D:1      | Reached * piety under Lugonu
   353 | D:1      | Reached ** piety under Lugonu
   364 | D:1      | Reached skill level 2 in Axes
   364 | D:1      | Gained mutation: You are partially covered in icy blue
                  | scales. (AC +2) [demonic ancestry]
   364 | D:1      | Reached XP level 2. HP: 24/24 MP: 2/2
  1048 | D:2      | Reached XP level 3. HP: 23/29 MP: 3/3
  1411 | D:2      | Noticed Terence
  1417 | D:2      | Killed Terence
  1418 | D:2      | Reached skill level 3 in Axes
  1793 | D:2      | Gained mutation: You are mostly covered in icy blue scales.
                  | (AC +3) [demonic ancestry]
  1793 | D:2      | Reached XP level 4. HP: 35/35 MP: 4/4
  2273 | D:3      | Reached *** piety under Lugonu
  3140 | D:3      | Reached skill level 1 in Invocations
  3494 | D:4      | Noticed Natasha
  3500 | D:4      | Killed Natasha
  3575 | D:4      | Reached skill level 4 in Axes
  3575 | D:4      | Reached XP level 5. HP: 41/41 MP: 6/6
  3662 | D:4      | Noticed Natasha
  3671 | D:4      | Killed Natasha
  3703 | D:4      | Noticed Natasha
  3716 | D:4      | Killed Natasha
  3908 | D:4      | Noticed Grinder
  3933 | D:4      | Paralysed by Grinder for 7 turns
  3944 | D:4      | HP: 2/41 [Grinder (4)]
  3947 | D:4      | Paralysed by Grinder for 5 turns
  3953 | D:4      | Killed from afar by Grinder

Illustrated notes

Levels and vault maps discovered:
D:1:      dpeg_arrival_shrine, layout_basic,
          hellmonk_ecumenical_altar_arch_garden
D:2:      minmay_alternating_diamond, layout_loops_ring, serial_forest,
          infiniplex_forest_clump_large, infiniplex_forest_fountain,
          infiniplex_forest_lined_2, infiniplex_forest_lined_ring,
          infiniplex_forest_end_3, infiniplex_forest_lined_ring,
          infiniplex_forest_clump_diagonal, minmay_door_square, uniq_terence
D:3:      layout_loops_ring
D:4:      layout_basic, minmay_cut_off, uniq_natasha, uniq_grinder

Skill      XL: |  1  2  3  4  5 |
---------------+----------------+-----
Axes           | 2 3 4 |  4.4
Armour         | 3 |  3.0
Shields        | 3 |  3.0
Invocations    | 1 2 |  2.6
Fighting       | |  3.3

Action                   |  1- 3 |  4- 6 || total
-------------------------+-------+-------++-------
Melee: War axe           |   101 |   118 ||   219
  Use: Potion            |       |     4 ||     4
Armor: Scale mail        |    46 |    48 ||    94
Dodge: Dodged            |    42 |    39 ||    81
Block: Buckler           |    24 |    32 ||    56
